 Dungeon Crawl Stone Soup version 0.18.1-48-g4cf74bf (webtiles) character file.

44 Redz the Grasshopper (level 3, 0/24 HPs)
             Began as a Halfling Warper on July 8, 2016.
             Succumbed to an adder's poison
             ... on level 1 of the Dungeon.
             The game lasted 00:03:49 (1378 turns).

Redz the Grasshopper (Halfling Warper)              Turns: 1378, Time: 00:03:49

Health: 0/24       AC:  3    Str: 11    XL:     3   Next: 85%
Magic:  3/5        EV: 14    Int: 13    God:
Gold:   47         SH:  0    Dex: 13    Spells: 3 memorised, 0 levels left

rFire  . . .     SeeInvis .     a - +0 short sword
rCold  . . .     Gourm    .     b - +0 leather armour
rNeg   . . .     Faith    .     (shield restricted)
rPois  .         Spirit   .     (no helmet)
rElec  .         Dismiss  .     (no cloak)
rCorr  .         Reflect  .     (no gloves)
SustAt .         Harm     .     (no boots)
MR     .....                    (no amulet)
Stlth  +.........               (no ring)
                                (no ring)

@: lethally poisoned (0 -> -3), not resistant to hostile enchantments, very
unstealthy
A: mutation resistance 1
a: no special abilities


You were on level 1 of the Dungeon.
You were hungry.

You visited 1 branch of the dungeon, and saw 2 of its levels.

You collected 47 gold pieces.

Inventory:

Hand Weapons
 a - a +0 short sword (weapon)
Missiles
 e - 5 tomahawks of dispersal (quivered)
 m - 2 tomahawks
Armour
 b - a +0 leather armour (worn)
Jewellery
 l - a +6 ring of strength {unknown}
Scrolls
 d - a scroll of blinking
 g - 4 scrolls of remove curse
 j - 3 scrolls of identify {unknown}
 p - a scroll of recharging {unknown}
Books
 c - a book of Spatial Translocations

   Spells                             Type                      Level
   a - Apportation                    Translocation                1
   b - Blink                          Translocation                2
   c - Shroud of Golubria             Charms/Translocation         2
   d - Portal Projectile              Translocation                3
   e - Teleport Other                 Translocation                3
   f - Passage of Golubria            Translocation                4
Comestibles
 f - a bread ration
 o - a slice of pizza


   Skills:
 + Level 2.0 Fighting
 * Level 3.3 Short Blades
 - Level 1.1 Throwing
 + Level 1.3 Armour
 + Level 2.4 Dodging
 + Level 0.8 Stealth
 + Level 1.7 Spellcasting
 + Level 3.9 Translocations


You couldn't memorise any spells.
You knew the following spells:

 Your Spells              Type           Power        Failure   Level  Hunger
a - Apportation           Tloc           ##........   10%         1    ##.....
b - Blink                 Tloc           N/A          12%         2    ###....
c - Shroud of Golubria    Chrm/Tloc      #.........   28%         2    ###....


Dungeon Overview and Level Annotations

Branches:
Dungeon (2/15)

Altars:


Innate Abilities, Weirdness & Mutations

You are small and have problems with some larger weapons.
You are somewhat resistant to further mutation.


Message History

The hobgoblin is moderately wounded.
The adder barely misses you. The hobgoblin barely misses you.
You hit the hobgoblin but do no damage.
The hobgoblin is moderately wounded.
The adder barely misses you. The hobgoblin hits you with a club.
* * * LOW HITPOINT WARNING * * *
The adder bites you.
* * * LOW HITPOINT WARNING * * *
You are lethally poisoned!
The adder poisons you!
Casting: Shroud of Golubria
Confirm with . or Enter, or press ? or * to list all spells.
You blink.
* * * LOW HITPOINT WARNING * * *
You feel sick.
The hobgoblin hits you but does no damage.
* * * LOW HITPOINT WARNING * * *
You feel sick.
You aren't carrying any potions.
You die...

######### #.......# #.......#
#####.......############
##########.......................
....†......###.............######
....######## #.......#.......####
###.##########................)..
#.##...>..S.g.@........>...####
#.##.#######.............### #
#.##.# #.#.).........#### #
#.##.# #.#...###........# #
#.##.# ##.##....#..#####.###
###.##.######....................
.........................####.###
.........##.#.(#....##...###...##
#####.#..##.#(..)#.......##..#..#


You could see an adder and a hobgoblin.

Vanquished Creatures
  2 adders
  A dart slug (D:1)
  4 bats
  3 goblins
  5 hobgoblins
  4 kobolds (D:1)
  A giant newt (D:1)
  3 rats (D:1)
23 creatures vanquished.

Notes
Turn   | Place    | Note
--------------------------------------------------------------
     0 | D:1      | Redz the Halfling Warper began the quest for the Orb.
     0 | D:1      | Reached XP level 1. HP: 14/14 MP: 3/3
   152 | D:1      | Reached XP level 2. HP: 4/19 MP: 4/4
   892 | D:2      | Reached XP level 3. HP: 24/24 MP: 5/5
   997 | D:2      | HP: 1/24 [poisoned by an adder]
  1068 | D:1      | Learned a level 2 spell: Shroud of Golubria
  1096 | D:1      | Learned a level 2 spell: Blink
  1373 | D:1      | HP: 1/24 [poisoned by an adder]
  1378 | D:1      | Succumbed to an adder's poison

Skill      XL: |  1  2  3 |
---------------+----------+-----
Short Blades   | 3 |  3.3
Fighting       | 2 |  2.0
Throwing       | |  1.1
Armour         | |  1.3
Dodging        | |  2.4
Stealth        | |  0.8
Spellcasting   | |  1.7
Translocations | |  3.9

Action                   || total
-------------------------++-------
Melee: Short sword       ||    99
 Cast: Blink             ||     1
       Shroud of Golubri ||     1
  Use: Potion            ||     4
       Scroll            ||     1
  Eat: Chunk             ||     1
Armor: Leather armour    ||    13
Dodge: Dodged            ||    96
